 Dungeon Crawl Stone Soup version 0.18.1-48-g4cf74bf (webtiles) character file.

29 tyranidshit the Skirmisher (level 3, -1/30 HPs)
             Began as a Demonspawn Abyssal Knight on Sept 10, 2016.
             Was a Follower of Lugonu.
             Slain by a kobold
             ... wielding a +0 short sword
              (5 damage)
             ... on level 1 of the Dungeon.
             The game lasted 00:03:54 (735 turns).

tyranidshit the Skirmisher (DsAK)                    Turns: 735, Time: 00:03:54

Health: -1/30      AC: 16    Str: 13    XL:     3   Next: 1%
Magic:  4/4        EV:  3    Int: 13    God:    Lugonu [*.....]
Gold:   41         SH:  0    Dex: 11    Spells: 0 memorised, 2 levels left

rFire  . . .     SeeInvis .     g - +0 dagger (elec)
rCold  . . .     Gourm    .     f - +0 plate armour
rNeg   . . .     Faith    .     (no shield)
rPois  .         Spirit   .     (no helmet)
rElec  .         Dismiss  .     j - +0 cloak
rCorr  .         Reflect  .     (no gloves)
SustAt .         Harm     .     d - +0 pair of boots
MR     .....                    (no amulet)
Stlth  ..........               (no ring)
                                (no ring)

@: not resistant to hostile enchantments, extremely unstealthy
A: rough black scales 1
a: Depart the Abyss, Renounce Religion


You were on level 1 of the Dungeon.
You worshipped Lugonu.
Lugonu was aware of your devotion.
You were not hungry.

You visited 1 branch of the dungeon, and saw 2 of its levels.
You visited the Abyss 1 time.

You collected 41 gold pieces.

Inventory:

Hand Weapons
 a - a +1 hand axe
 g - a +0 dagger of electrocution (weapon)
Armour
 b - a +0 leather armour
 d - a +0 pair of boots (worn)
 f - a +0 plate armour (worn)
 j - a +0 cloak (worn)
Scrolls
 e - a scroll of remove curse
 h - 2 scrolls of teleportation {unknown}
 i - a scroll of blinking {unknown}
Comestibles
 c - 2 bread rations


   Skills:
 + Level 4.1 Fighting
 - Level 1.7 Axes
 - Level 1.7 Armour
 - Level 1.0 Dodging
 - Level 2.4 Invocations


You had 2 spell levels left.
You didn't know any spells.

Dungeon Overview and Level Annotations

Branches:
Dungeon (2/15)

Altars:


Innate Abilities, Weirdness & Mutations

You are partially covered in rough black scales (AC +4, Dex -1).


Message History

The kobold hits you with a short sword.
* * * LOW HITPOINT WARNING * * *
The kobold hits you but does no damage.
The dart slug bites you but does no damage.
Unknown command.
You hit the dart slug but do no damage.
The dart slug is heavily wounded.
The kobold hits you with a short sword.
* * * LOW HITPOINT WARNING * * *
The kobold hits you but does no damage.
Unknown command.
You hit the dart slug but do no damage.
There is a sudden explosion of sparks!
You kill the dart slug!
Lugonu accepts your kill.
You have reached level 3!
Your experience leads to an increase in your attributes!
Increase (S)trength, (I)ntelligence, or (D)exterity?
You feel stronger. The kobold hits you with a short sword.
You die...

.†####.....................# #.##
....##.........##..........# #.#.
(.#..#.........##.........####.#.
..#.....##............##.....#.#.
†.#.....##............##.......#.
..#............................#.
..#..........................#.#.
..#..##........<.†.......##......
..#..##.........@K.......##....##
..#..............K...............
.##..............(............#..
###.....##............##......#.#
#.....##.......(....##..)...#..
####.........##(..........#.### #
#.........##.........#...... #
#....................#.#.### #
#######..######.######.#.#..


You could see 2 kobolds.

Vanquished Creatures
  A dart slug (D:1)
  2 giant geckos (D:2)
  7 goblins
  3 hobgoblins (D:1)
  2 jackals
  4 kobolds (D:1)
  A ball python (D:2)
  A giant newt (D:1)
  3 rats
24 creatures vanquished.

Notes
Turn   | Place    | Note
--------------------------------------------------------------
     0 | Abyss:1  | tyranidshit the Demonspawn Abyssal Knight began the quest for the Orb.
     0 | Abyss:1  | Reached XP level 1. HP: 18/18 MP: 2/2
    87 | Abyss:3  | Noticed an ancient zyme
    90 | D:1      | Escaped the Abyss
   101 | D:1      | Reached skill level 1 in Dodging
   186 | D:1      | Reached * piety under Lugonu
   248 | D:1      | Gained mutation: You are partially covered in rough black scales (AC +4, Dex -1). [demonic ancestry]
   248 | D:1      | Reached XP level 2. HP: 2/24 MP: 3/3
   582 | D:2      | Reached skill level 4 in Fighting
   735 | D:1      | Reached XP level 3. HP: 4/30 MP: 4/4
   735 | D:1      | Slain by a kobold

Skill      XL: |  1  2 |
---------------+-------+-----
Dodging        | 1 |  1.0
Fighting       | 4 |  4.1
Axes           | |  1.7
Armour         | |  1.7
Invocations    | |  2.4

Action                   || total
-------------------------++-------
Melee: Hand axe          ||    14
       Dagger            ||    67
Invok: Depart the Abyss  ||     1
  Use: Scroll            ||     1
       Potion            ||     1
Armor: Plate armour      ||   103
Dodge: Dodged            ||    17
